 Dungeon Crawl Stone Soup version 0.28-a0-563-gf77a47075d (webtiles) character file.

Game seed: 4550698793430061562

947 Demosthentine the Poker (level 8, -1/93 HPs)
             Began as a Merfolk Gladiator on Oct 1, 2021.
             Slain by Edmund (12 damage)
             ... on level 4 of the Dungeon.
             The game lasted 00:05:01 (4640 turns).

Demosthentine the Poker (Merfolk Gladiator)         Turns: 4640, Time: 00:05:02

Health: -1/93      AC: 24    Str: 16    XL:     8   Next: 13%
Magic:  8/8        EV:  2    Int: 13    God:
Gold:   245        SH:  0    Dex: 16    Spells: 7/7 levels left

rFire   . . .      SeeInvis .   a - +1 trident
rCold   + . .      Faith    .   (no shield)
rNeg    + + +      Spirit   .   (armour currently unavailable)
rPois   +          Reflect  .   (helmet currently unavailable)
rElec   .          Harm     .   (cloak currently unavailable)
rCorr   .          Rampage  .   (gloves currently unavailable)
Will    .....      NoTele   +   (boots currently unavailable)
Stlth   +.........              (no amulet)
HPRegen 0.25/turn               f - ring of protection from cold
MPRegen 0.11/turn               l - +6 ring of intelligence

@: lethally poisoned (-1 -> -6), tree-form
A: stationary, stasis, torment immunity, boosted hp, (nimble swimmer 2),
(mertail)
a: no special abilities


You were on level 4 of the Dungeon.
You were a tree.
You visited 1 branch of the dungeon, and saw 5 of its levels.

You collected 245 gold pieces.

Inventory:

Hand Weapons
 a - a +1 trident (weapon)
Armour
 b - a +0 leather armour (melded)
 c - a +0 helmet (melded)
Jewellery
 f - a ring of protection from cold (left branch)
 l - a +6 ring of intelligence (right branch)
Scrolls
 g - 2 scrolls of identify
Potions
 e - a potion of heal wounds
 h - 3 potions of lignification
 i - 2 potions of flight
 k - a potion of brilliance


   Skills:
 + Level 5.3 Fighting
 + Level 7.8 Polearms
 - Level 2.0 Throwing
 + Level 3.2 Armour
 + Level 7.2 Dodging


You had 7 spell levels left.
You didn't know any spells.
Your spell library contained the following spells:

 Spells                   Type           Power      Damage    Failure   Level
 Animate Skeleton         Necr           0%         N/A       30%         1
 Pain                     Necr           0%         1d4       30%         1
 Blink                    Tloc           N/A        N/A       43%         2
 Ensorcelled Hibernation  Hex/Ice        0%         N/A       43%         2
 Gell's Gravitas          Tloc           0%         N/A       67%         3
 Lesser Beckoning         Tloc           0%         N/A       67%         3
 Spider Form              Tmut/Pois      0%         N/A       67%         3
 Teleport Other           Tloc           0%         N/A       67%         3
 Vampiric Draining        Necr           0%         2d6       67%         3
 Manifold Assault         Tloc           0%         N/A       100%        5
 Storm Form               Tmut/Air       0%         N/A       100%        7


Dungeon Overview and Level Annotations

Branches:
Dungeon (5/15)
 Temple: D:4-7

Altars:
Ashenzari
Trog
Yredelemnul
The Shining One

Annotations:
D:4 Edmund


Innate Abilities, Weirdness & Mutations

You are a tree.
Your roots penetrate the ground, keeping you stationary.
You cannot be teleported.
You are immune to unholy pain and torment.
Your maximum health is greatly increased.
Your equipment is partially melded.
((You are quick and stealthy near water. (Stealth+, EV+, Speed+++)))
((Your lower body shifts to a powerful aquatic tail in water.))


Message History

You feel very sick. Edmund misses you.
You feel much better.
You feel sick.
Edmund hits you with a +6 dire flail of venom!
* * * LOW HITPOINT WARNING * * *
You are lethally poisoned!
Okay, then.
Really quaff the potion of lignification?
You turn into a tree.
Your +0 helmet melds into your body.
Your +0 leather armour melds into your body.
Your roots penetrate the ground.
You feel very sick. Edmund hits you but does no damage.
Unknown command.
Unknown command.
Unknown command.
You hit Edmund.
Edmund is heavily wounded.
You feel very sick. Edmund hits you but does no damage.
You hit Edmund.
Edmund is heavily wounded.
You feel very sick.
Edmund hits you with a +6 dire flail of venom.
* * * LOW HITPOINT WARNING * * *
You puncture Edmund!
Edmund is severely wounded.
You feel sick.
Edmund says, "What use are spells, anyway?"
Edmund hits you but does no damage.
Unknown command.
You puncture Edmund!
Edmund is almost dead.
You feel sick. Edmund hits you but does no damage.
Unknown command.
You hit Edmund but do no damage.
Edmund is almost dead.
You feel sick.
Edmund hits you with a +6 dire flail of venom!
You die...

............#.#...# #.....).....
............#.#...####...........
#....#'###..#.#..................
#....#.# #..#..#+#(..............
#....#.###..#....................
#....#.##...#....................
.....#.##...#......########'####.
####.#.##..##......########.#####
#.#......#...♣@(+.............
#.###....#......##(....†.....#
#........#......##...........#
##########..#......##...........#
............#......##...........#
###########.#......##.(.........#
........# #.#.#######...........#
#######.# #.#.# ############# #
#.# #.#.#


You could see Edmund.

Vanquished Creatures
  Pikel (D:4)
  Grinder (D:3)
  An ogre (D:4)
  A jelly (D:4)
  An iguana (D:4)
  3 adders
  4 gnolls (D:2)
  An ufetubus (D:4)
  3 worms
  7 dart slugs
  An orc (D:4)
  9 ball pythons
  4 bats
  4 endoplasms
  8 giant cockroaches
  7 goblins
  12 hobgoblins
  4 quokkas
  5 frilled lizards
  5 kobolds
  4 rats
86 creatures vanquished.

Notes
Turn   | Place    | Note
-------+----------+-------------------------------------------
     0 | D:1      | Demosthentine the Merfolk Gladiator began the quest for the
                  | Orb.
     0 | D:1      | Reached XP level 1. HP: 16/16 MP: 1/1
    35 | D:1      | Reached XP level 2. HP: 18/23 MP: 2/2
   568 | D:1      | Reached XP level 3. HP: 26/28 MP: 3/3
  1033 | D:1      | Reached skill level 1 in Armour
  1158 | D:2      | Reached skill level 5 in Polearms
  1397 | D:2      | Reached XP level 4. HP: 34/34 MP: 4/4
  1648 | D:2      | Found a faded altar of an unknown god.
  2060 | D:2      | Reached skill level 5 in Dodging
  2072 | D:2      | Reached XP level 5. HP: 38/41 MP: 5/5
  2403 | D:3      | Noticed Grinder
  2416 | D:3      | Killed Grinder
  2417 | D:3      | Reached XP level 6. HP: 31/48 MP: 6/6
  2813 | D:3      | Found a basalt altar of Yredelemnul.
  2813 | D:3      | Found a bloodstained altar of Trog.
  3371 | D:4      | Reached XP level 7. HP: 55/55 MP: 7/7
  3394 | D:4      | Found a broken altar of Ashenzari.
  3532 | D:4      | Found a glowing golden altar of the Shining One.
  3602 | D:4      | Noticed Pikel
  3641 | D:4      | Killed Pikel
  3642 | D:4      | Reached skill level 5 in Fighting
  3642 | D:4      | Reached XP level 8. HP: 32/62 MP: 8/8
  4280 | D:5      | Entered Level 5 of the Dungeon
  4280 | D:5      | Noticed Edmund
  4640 | D:4      | Slain by Edmund

Illustrated notes

Levels and vault maps discovered:
D:1:      minmay_arrival_arboretum_small, layout_rooms, serial_rivers,
          chequers_serial_rivers_large_b, chequers_serial_rivers_marsh,
          chequers_serial_rivers_micro_a, chequers_serial_rivers_room_a,
          chequers_serial_rivers_room_a, minmay_worlds_worst_comb
D:2:      layout_loops_ring, hellmonk_ecumenical_altar_pennies_from_heaven,
          minmay_fountain_box, minmay_nonomino_d4
D:3:      layout_basic, gammafunk_temple_overflow_wave, st_stairs_6,
          uniq_grinder
D:4:      layout_basic, mainiacjoe_overflow_large_starburst, uniq_pikel
D:5:      layout_loops_cross, serial_shops, nicolae_take_the_stairs, uniq_edmund

Skill      XL: |  1  2  3  4  5  6  7 |
---------------+----------------------+-----
Armour         | 1 2 3 |  3.2
Polearms       | 5 6 7 |  7.8
Fighting       | 3 4 5 |  5.3
Dodging        | 5 6 7 |  7.2
Throwing       | |  2.0

Action                   |  1- 3 |  4- 6 |  7- 9 || total
-------------------------+-------+-------+-------++-------
Melee: Trident           |   127 |   125 |   102 ||   354
Throw: Throwing net      |       |       |     5 ||     5
  Use: Scroll            |     1 |     5 |     1 ||     7
       Potion            |       |       |     6 ||     6
 Stab: Sleeping          |     4 |     4 |     1 ||     9
       Distracted        |       |     1 |     1 ||     2
       Held in net/web   |       |       |     3 ||     3
Armor: Leather armour    |    32 |    11 |     7 ||    50
       Skin              |       |       |     4 ||     4
Dodge: Dodged            |    68 |    43 |    54 ||   165

Table legend: (Time is in decaauts)
 A = Elapsed time spent in this place.
 B = Non-inter-level travel time spent in this place.
 C = Inter-level travel time spent in this place.
 D = Time resting spent in this place.
 E = Time spent auto-exploring this place.
 F = Levels seen in this place.
 G = Mean time per level.
                   A        B        C        D        E       F      G
               +--------+--------+--------+--------+--------+-----+--------+
         Total |   4586 |   4510 |     76 |    270 |   3521 |   5 |  917.2 |
       Dungeon |   4586 |   4510 |     76 |    270 |   3521 |   5 |  917.2 |
               +--------+--------+--------+--------+--------+-----+--------+

Top non-repeatable levels by time:
     D:4: 1375 daAuts
     D:1: 1267 daAuts
     D:2: 1065 daAuts
     D:3: 837 daAuts
     D:5: 40 daAuts
